 Dungeon Crawl Stone Soup version 0.28-a0-1080-g05a166d0ed (webtiles) character file.

Game seed: 12645296446877937549

2 Redcow54321 the Ducker (level 1, 0/10 HPs)
             Began as a Felid Abyssal Knight on Dec 9, 2021.
             Was an Initiate of Lugonu.
             Slain by a jackal (1 damage)
             ... on level 1 of the Dungeon.
             The game lasted 00:00:34 (140 turns).

Redcow54321 the Ducker (Felid Abyssal Knight)        Turns: 140, Time: 00:00:35

Health: 0/10       AC:  1    Str:  9    XL:     1   Next: 33%
Magic:  3/3        EV: 18    Int: 11    God:    Lugonu [......]
Gold:   0          SH:  0    Dex: 16    Spells: 0/0 levels left
                                        Lives:  0   Deaths: 0

rFire   . . .      SeeInvis +     - Unarmed
rCold   . . .      Faith    .   (shield unavailable)
rNeg    . . .      Spirit   .   (armour unavailable)
rPois   .          Reflect  .   (helmet unavailable)
rElec   .          Harm     .   (cloak unavailable)
rCorr   .          Rampage  .   (gloves unavailable)
Will    .....                   (boots unavailable)
Stlth   +.........              (no amulet)
HPRegen 0.03/turn               (no ring)
MPRegen 0.08/turn               (no ring)

@: quick
A: very small, claws 1, fangs 3, see invisible, speed 1, shaggy fur 1, stealthy
paws, no weapons or thrown items, no armour, multi-lived
a: Renounce Religion


You were on level 1 of the Dungeon.
You worshipped Lugonu.
Lugonu was noncommittal.
You visited 1 branch of the dungeon, and saw 1 of its levels.
You visited the Abyss 1 time.

Inventory:

Potions
 a - a potion of lignification {unknown}


   Skills:
 - Level 3.0 Fighting
 * Level 3.5 Dodging
 - Level 2.0 Unarmed Combat
 - Level 1.7 Invocations


You couldn't memorise any spells.
You didn't know any spells.
Your spell library was empty.

Dungeon Overview and Level Annotations

Branches:
Dungeon (1/15)

Altars:


Innate Abilities, Weirdness & Mutations

You have sharp claws.
You have razor-sharp teeth.
You have supernaturally acute eyesight. (SInv)
You cover ground quickly. (Speed+)
You are covered in fur. (AC +1)
Your paws help you pounce on unaware monsters.
You are incapable of wielding weapons or throwing items.
You cannot wear armour.
You gain extra lives every three experience levels.


Message History

Found a stone staircase leading down.
Found a glowing short sword.
a - a lumpy black potion A kobold comes into view.
It is wielding a +0 whip.
The kobold shouts!
You hear a bark! x3
A jackal comes into view. x2
You hear a bark!
There are monsters nearby!
You scratch the jackal.
You kill the jackal!
Lugonu accepts your kill.
A jackal comes into view.
You closely miss the jackal. The jackal misses you.
You scratch the jackal.
The jackal is severely wounded.
The jackal closely misses you.
A jackal comes into view.
The jackal barks!
You scratch the jackal.
You kill the jackal!
Lugonu accepts your kill. The kobold barely misses you.
You barely miss the jackal. The jackal completely misses you.
The kobold hits you with a +0 whip.
You closely miss the jackal. The jackal closely misses you.
The kobold barely misses you.
You scratch the jackal but do no damage.
Your bite misses the jackal. The kobold hits you with a +0 whip.
Ouch! That really hurt!
* * * LOW HITPOINT WARNING * * *
The jackal completely misses you.
You are too injured to fight recklessly!
Unknown command.
The jackal misses you. The jackal closely misses you.
You barely miss the jackal. Your bite misses the jackal.
The jackal completely misses you. The jackal barely misses you.
You barely miss the jackal.
The jackal bites you but does no damage.
The jackal bites you.
You die...

. .....#...###...##
#.....###.....
###............
#....######.#..
####...####
#..........#
#..........# .#
#..........###...#.
#.......@hK.†......
#........h....##..#
..................
...........##......
........... ....##
................#
................#
................#


You could see 2 jackals and a kobold.

Vanquished Creatures
  2 jackals (D:1)
2 creatures vanquished.

Notes
Turn   | Place    | Note
-------+----------+-------------------------------------------
     0 | Abyss:1  | Redcow54321 the Felid Abyssal Knight began the quest for
                  | the Orb.
     0 | Abyss:1  | Reached XP level 1. HP: 10/10 MP: 3/3
    59 | Abyss:1  | Noticed a flying skull
    62 | D:1      | Escaped the Abyss
   140 | D:1      | Slain by a jackal

Illustrated notes

Levels and vault maps discovered:
D:1:      dpeg_arrival_tiny_a, layout_rooms,
          hellmonk_ecumenical_altar_leap_of_faith

Action                   || total
-------------------------++-------
Melee: Unarmed           ||     9
Invok: Depart the Abyss  ||     1
Armor: Skin              ||     1
Dodge: Dodged            ||    11

Table legend: (Time is in decaauts)
 A = Elapsed time spent in this place.
 B = Non-inter-level travel time spent in this place.
 C = Inter-level travel time spent in this place.
 D = Time resting spent in this place.
 E = Time spent auto-exploring this place.
 F = Levels seen in this place.
 G = Mean time per level.
                   A        B        C        D        E       F      G
               +--------+--------+--------+--------+--------+-----+--------+
         Total |    115 |    115 |      0 |      0 |     97 |   2 |   57.5 |
       Dungeon |     66 |     66 |      0 |      0 |     51 |   1 |   66.0 |
         Abyss |     49 |     49 |      0 |      0 |     46 |   1 |   49.0 |
               +--------+--------+--------+--------+--------+-----+--------+

Top non-repeatable levels by time:
     D:1: 66 daAuts
 Abyss:1: 49 daAuts
